 Dungeon Crawl Stone Soup version 0.28.0-45-g0d030f2227 (webtiles) character file.

Game seed: 88550053658313485

323 MisterFreud the Conjurer (level 6, -2/36 HPs)
             Began as an Octopode Conjurer on May 25, 2022.
             Slain by a gnoll
             ... wielding a +0 whip
              (9 damage)
             ... on level 4 of the Dungeon.
             The game lasted 00:04:24 (4164 turns).

MisterFreud the Conjurer (Octopode Conjurer)        Turns: 4164, Time: 00:04:26

Health: -2/36      AC:  1    Str:  6    XL:     6   Next: 47%
Magic:  8/12       EV: 13    Int: 23    God:
Gold:   240        SH:  0    Dex: 10    Spells: 10/13 levels left

rFire   . . .      SeeInvis .   d - +2 dagger (venom)
rCold   . . .      Faith    .   (no shield)
rNeg    . . .      Spirit   .   (helmet restricted)
rPois   .          Reflect  .   l - amulet of the acrobat
rElec   .          Harm     .   (no ring)
rCorr   .          Rampage  .   (no ring)
Will    .....                   (no ring)
Stlth   +++.......              (no ring)
HPRegen 0.12/turn               (no ring)
MPRegen 0.13/turn               (no ring)
                                (no ring)
                                (no ring)

@: no status effects
A: almost no armour, amphibious, 8 rings, camouflage 1, gelatinous body 1,
(nimble swimmer 1), tentacles
a: no special abilities


You were on level 4 of the Dungeon.
You visited 1 branch of the dungeon, and saw 4 of its levels.

You collected 240 gold pieces.

Inventory:

Hand Weapons
 d - a +2 dagger of venom (weapon)
 k - a +2 vampiric dagger
Missiles
 j - 2 boomerangs
Jewellery
 h - a ring of poison resistance
 l - an amulet of the acrobat (around mantle)
Potions
 a - a potion of mutation {unknown}
 b - a potion of flight {unknown}
 c - 4 potions of curing
 e - 3 potions of heal wounds {unknown}
 f - a potion of might {unknown}
 i - a potion of cancellation {unknown}
 m - 2 potions of magic {unknown}


   Skills:
 + Level 2.6 Dodging
 + Level 3.6 Stealth
 - Level 4.0 Spellcasting
 - Level 6.0 Conjurations


You had 10 spell levels left.
You knew the following spells:

 Your Spells              Type           Power      Damage    Failure   Level
a - Magic Dart            Conj           100%       1d8       1%          1
b - Searing Ray           Conj           64%        2d6       1%          2

Your spell library contained the following spells:

 Spells                   Type           Power      Damage    Failure   Level
 Dazzling Flash           Conj/Hex       36%        N/A       9%          3
 Stone Arrow              Conj/Erth      36%        3d9       9%          3
 Inner Flame              Hex/Fire       4%         N/A       30%         3
 Fulminant Prism          Conj/Hex       9%         3d7       30%         4
 Iskenderun's Mystic Bla  Conj/Tloc      18%        2d6       30%         4
 Cause Fear               Hex            2%         N/A       71%         4
 Discord                  Hex            2%         N/A       100%        8
 Lehudib's Crystal Spear  Conj/Erth      9%         10d4      100%        8
 Animate Armour           Summ/Erth      Unusable   N/A       N/A         4

Dungeon Overview and Level Annotations

Branches:
Dungeon (4/15)
 Temple: D:4-7

Altars:
Fedhas
Hepliaklqana
The Shining One

Shops:
D:1 [


Innate Abilities, Weirdness & Mutations

You cannot wear most types of armour.
You are amphibious.
You can wear up to eight rings at the same time.
Your skin changes colour to match your surroundings (Stealth+).
Your rubbery body absorbs attacks. (AC +1, EV +1)
((You are camouflaged when in or above water. (Stealth+)))
You have tentacles for arms and can constrict up to eight enemies at once.


Message History

The gnoll shaman calls down the wrath of its god upon you.
You resist with some effort.
You hit the gnoll shaman.
The gnoll shaman looks as sick as possible!
The gnoll shaman is heavily wounded.
You constrict the gnoll shaman, but do no damage.
The gnoll shaman struggles to escape constriction.
You hit the gnoll shaman but do no damage.
The gnoll shaman looks as sick as possible!
The gnoll shaman is severely wounded.
You constrict the gnoll shaman.
The gnoll shaman struggles to escape constriction.
You hit the gnoll shaman.
You kill the gnoll shaman!
An orc comes into view. It is wielding a +0 short sword.
Casting: Magic Dart (safe; 1% risk of failure)
Confirm with . or Enter, or press ? or * to list all spells.
Aiming: Searing Ray (safe; 1% risk of failure)
Press: ? - help, Shift-Dir - straight line, p - gnoll The searing ray hits the gnoll.
The gnoll is heavily wounded.
The searing ray hits the gnoll.
The gnoll is moderately wounded. (Press . to maintain the ray.)
The orc shouts!
The gnoll hits you with a +0 whip! The gnoll hits you with a +0 whip.
The searing ray misses the gnoll.
The searing ray hits the gnoll.
The gnoll is severely wounded.
The gnoll hits you with a +0 whip.
The searing ray misses the gnoll. x2; The gnoll completely misses you.
You hit the gnoll. You grab the gnoll. You squeeze the gnoll.
You kill the gnoll!
The gnoll hits you with a +0 whip.
You completely miss the gnoll. You grab the gnoll.
The gnoll is heavily wounded.
You constrict the gnoll, but do no damage.
The gnoll barely misses you. The gnoll hits you with a +0 whip!
* * * LOW HITPOINT WARNING * * *
The gnoll hits you with a +0 whip!
You die... #....P≈P.....# .....).# +........⌠...# ......# #...#........# ..... #...#........# ggg

########...###
###g###
##...######.....#
#.........#.....#
#.........#.....#
#.....)@g.#.....#
#######g###.....#
#.o......###
#........#
#........#
#........#
#........#
#........#
##+#.....#


You could see 2 gnolls and an orc.

Vanquished Creatures
  A howler monkey (D:4)
  A gnoll shaman (D:4)
  Jessica (D:2)
  Natasha (thrice) (D:3)
  A gnoll (D:4)
  6 adders
  3 worms
  4 dart slugs
  5 bats
  10 endoplasms
  2 giant cockroaches
  9 goblins
  2 hobgoblins (D:3)
  A jackal (D:2)
  12 kobolds
  3 quokkas
  9 ball pythons
  2 frilled lizards
  7 rats
82 creatures vanquished.

Notes
Turn   | Place    | Note
-------+----------+-------------------------------------------
     0 | D:1      | MisterFreud the Octopode Conjurer began the quest for the
                  | Orb.
     0 | D:1      | Reached XP level 1. HP: 11/11 MP: 3/3
   112 | D:1      | Found Caduno's Antique Armour Emporium.
   477 | D:1      | Reached XP level 2. HP: 14/17 MP: 3/5
   890 | D:1      | Reached XP level 3. HP: 21/21 MP: 2/6
  1461 | D:2      | Noticed Jessica
  1465 | D:2      | Killed Jessica
  1580 | D:2      | Reached XP level 4. HP: 27/27 MP: 3/8
  1644 | D:2      | Found a faded altar of an unknown god.
  1831 | D:2      | Learned a level 2 spell: Searing Ray
  2327 | D:2      | Reached skill level 5 in Conjurations
  2650 | D:3      | Reached XP level 5. HP: 31/31 MP: 3/10
  2805 | D:3      | Noticed Natasha
  2816 | D:3      | Killed Natasha
  3100 | D:3      | Noticed Natasha
  3232 | D:3      | Identified the +1 ring mail of Ashenzari's Anger {Will++
                  | Str+3 Stlth-}
  3294 | D:3      | Killed Natasha
  3303 | D:3      | Noticed Natasha
  3311 | D:3      | Killed Natasha
  3526 | D:3      | Reached XP level 6. HP: 24/36 MP: 9/12
  3722 | D:3      | Found a blossoming altar of Fedhas.
  3731 | D:3      | Found a hazy altar of Hepliaklqana.
  3794 | D:4      | Reached skill level 6 in Conjurations
  4103 | D:4      | Found a glowing golden altar of the Shining One.
  4164 | D:4      | Slain by a gnoll

Illustrated notes

Levels and vault maps discovered:
D:1:      dpeg_arrival_another_circle, layout_loops_ring, serial_shops, shop,
          minmay_misc_feat_ornament, minivault_24
D:2:      layout_rooms, hellmonk_ecumenical_altar_pennies_from_heaven,
          chequers_serial_rivers_room_a, kennysheep_pointless_box,
          minmay_indecisive_spiral, uniq_jessica
D:3:      layout_rooms, mainiacjoe_overflow_swirl, minmay_goblin_kobold_house,
          uniq_natasha
D:4:      layout_gridville, tso_oasis_becter, mainiacjoe_overflow_big_doors

Skill      XL: |  1  2  3  4  5  6 |
---------------+-------------------+-----
Spellcasting   | 3 4 |  4.0
Conjurations   | 5 6 |  6.0
Stealth        | 3 |  3.6
Dodging        | |  2.6

Action                   |  1- 3 |  4- 6 || total
-------------------------+-------+-------++-------
Melee: Unarmed           |    11 |       ||    11
       Tentacles         |     3 |    10 ||    13
       Constrict         |     3 |    14 ||    17
       Dagger            |       |    53 ||    53
 Cast: Magic Dart        |    45 |    87 ||   132
       Searing Ray       |       |     1 ||     1
  Use: Scroll            |       |     4 ||     4
 Stab: Sleeping          |       |     1 ||     1
Armor: Skin              |       |     2 ||     2
Dodge: Dodged            |     8 |    25 ||    33
